 Dungeon Crawl Stone Soup version 0.16.1-11-g651b585 (webtiles) character file.

1659 karlm the Covert (level 9, -1/54 HPs)
             Began as a Kobold Assassin on Apr 6, 2015.
             Was a Follower of Dithmenos.
             Slain by a gnoll sergeant
             ... wielding a +3 trident of venom
              (11 damage)
             ... on level 5 of the Dungeon.
             The game lasted 00:18:49 (6670 turns).

karlm the Covert (Kobold Assassin)                  Turns: 6670, Time: 00:18:49

Health: -1/54      AC:  6    Str: 11    XL:     9   Next: 20%
Magic:  9/9        EV: 17    Int: 10    God:    Dithmenos [*.....]
Gold:   113        SH:  0    Dex: 18    Spells: 0 memorised, 8 levels left

rFire  . . .     SeeInvis .     b - +0 blowgun
rCold  + + .     Clarity  .     B - +1 leather armour {rC+}
rNeg   . . .     SustAb   .     (no shield)
rPois  .         Gourm    .     (no helmet)
rElec  .         Spirit   .     d - +0 cloak
rCorr  .         Warding  .     l - +0 pair of gloves
rMut   .         Stasis   .     (no boots)
MR     .....                    r - amulet of rage
Stlth  +++++++...               (no ring)
                                p - ring of protection from cold

@: wreathed by umbra, not resistant to hostile enchantments, extremely stealthy
A: carnivore 3
a: Renounce Religion, Evoke Berserk Rage


You were on level 5 of the Dungeon.
You worshipped Dithmenos.
Dithmenos was aware of your devotion.
You were very full.

You visited 1 branch of the dungeon, and saw 6 of its levels.

You collected 227 gold pieces.
You spent 114 gold pieces at shops.

Inventory:

Hand weapons
 a - a +2 dagger
 b - a +0 blowgun (weapon)
 y - a +0 rapier
 K - a +0 mace
 M - a +0 arbalest
Missiles
 e - 17 poisoned needles (quivered)
 f - a curare-tipped needle
 h - 122 stones
 L - 3 tomahawks
 R - 8 javelins
Armour
 d - a +0 cloak (worn)
 l - a +0 pair of gloves (worn)
 B - a +1 leather armour of cold resistance (worn)
Jewellery
 p - a ring of protection from cold (left hand)
 r - an amulet of rage (around neck)
 V - an uncursed amulet of the gourmand
Magical devices
 t - a wand of hasting (1)
 O - a wand of magic darts (6)
 Q - a wand of confusion (21)
 S - a wand of invisibility (1)
 U - a wand of confusion (16)
Scrolls
 i - 5 scrolls of teleportation {unknown}
 j - a scroll of enchant armour {unknown}
 k - a scroll of enchant weapon {unknown}
 m - 8 scrolls of identify {unknown}
 q - a scroll of fog {unknown}
 v - a scroll of magic mapping {unknown}
 x - 2 scrolls of amnesia {unknown}
 C - 2 scrolls of blinking {unknown}
 D - 2 scrolls of remove curse {unknown}
 E - a scroll of noise {unknown}
 F - 2 scrolls of fear {unknown}
 H - a scroll of recharging {unknown}
Potions
 c - a potion of cure mutation {unknown}
 n - a potion of flight {unknown}
 o - a potion of mutation {unknown}
 s - 2 potions of agility {unknown}
 u - 2 potions of magic {unknown}
 w - 3 potions of curing {unknown}
 z - 3 potions of restore abilities {unknown}
 A - a potion of cancellation {unknown}
 G - 2 potions of heal wounds {unknown}
 I - a potion of berserk rage {unknown}
 N - a potion of brilliance {unknown}
 P - a potion of degeneration {unknown}
Comestibles
 g - 5 meat rations
 J - 6 beef jerkies


   Skills:
 + Level 5.4 Fighting
 + Level 7.2 Short Blades
 - Level 2.6 Throwing
 + Level 5.0 Dodging
 * Level 11.8 Stealth


You had 8 spell levels left.
You didn't know any spells.

Dungeon Overview and Level Annotations

Branches:
Dungeon (6/15)
 Temple: D:4-7

Altars:
Dithmenos
Fedhas
Zin
The Shining One

Shops:
D:4 %%   D:5 %


Innate Abilities, Weirdness & Mutations

You are small and have problems with some larger weapons.
You are carnivorous and can eat meat at any time.


Message History

You feel sick.
You feel sick.
You feel sick.
You feel sick.
The gnoll sergeant looks more healthy.
You feel sick.
Firing (i - inventory. (,) - cycle):
e - 18 poisoned needles (quivered)
Press: ? - help, Shift-Dir - straight line, f/p - gnoll sergeant
Aim: a gnoll sergeant, wielding a trident of venom and wearing a ring mail (severely wounded, umbra)
You shoot a poisoned needle.
The poisoned needle hits the gnoll sergeant!
The gnoll sergeant is poisoned.
The gnoll sergeant is severely wounded.
The gnoll sergeant closely misses you.
You feel sick.
You are no longer poisoned.
An adder comes into view.
There is an escape hatch in the ceiling here.
The gnoll sergeant hits you from afar with a trident of venom!
You die...

#..# #.............
##.######............
#..#≈≈≈≈≈........8..
##.#≈###≈..........#
#..≈≈≈≈≈......8.∩.8
##S≈≈#≈≈.#.......##
##..≈≈#≈≈.##...#.8#
##...≈≈#≈≈###..##..#
#^..@≈≈≈≈≈# ########
#### ##.g..≈###≈# ...##
##..<..≈≈≈≈≈#
....#######......######
......(....>.....#
.................#
.................#
................##
............[...#


You could see a gnoll sergeant and an adder (wandering).

Vanquished Creatures
  Pikel (D:4)
  3 boggarts (D:4)
  3 ogres
  A phantom (D:5)
  4 slaves (D:5)
  Sigmund (D:2)
  A scorpion (D:4)
  A giant frog skeleton (D:5)
  A jelly (D:5)
  3 crimson imps
  An iguana (D:5)
  2 hounds
  Natasha (twice) (D:5)
  A centaur skeleton (D:5)
  4 worker ants
  Terence (D:3)
  Robin (D:4)
  6 adders
  2 gnolls
  A shadow imp (D:5)
  2 adder skeletons
  2 giant geckos
  2 oozes (D:2)
  13 orcs
  9 bats
  A bat zombie (D:5)
  4 giant cockroaches
  16 goblins
  7 hobgoblins
  5 kobolds
  2 quokkas
  5 giant newts
  A goblin skeleton (D:4)
  2 goblin zombies (D:4)
  5 hobgoblin zombies (D:4)
  A kobold skeleton (D:4)
  A kobold zombie (D:4)
  An orc skeleton (D:4)
  12 rats
131 creatures vanquished.

Notes
Turn   | Place    | Note
--------------------------------------------------------------
     0 | D:1      | karlm, the Kobold Assassin, began the quest for the Orb.
     0 | D:1      | Reached XP level 1. HP: 12/12 MP: 1/1
   201 | D:1      | Reached XP level 2. HP: 17/17 MP: 2/2
   445 | D:1      | Reached skill level 6 in Stealth
   766 | D:2      | Found a blossoming altar of Fedhas.
   798 | D:2      | Reached XP level 3. HP: 17/21 MP: 3/3
  1164 | D:2      | Noticed Sigmund
  1182 | D:2      | Killed Sigmund
  1182 | D:2      | Reached skill level 7 in Stealth
  1182 | D:2      | Reached XP level 4. HP: 18/26 MP: 4/4
  1182 | D:2      | Reached XP level 5. HP: 20/30 MP: 5/5
  1268 | D:2      | Found a glowing golden altar of the Shining One.
  1442 | D:3      | Noticed Terence
  1450 | D:3      | Killed Terence
  1602 | D:3      | Reached skill level 8 in Stealth
  2125 | D:3      | Found a shadowy altar of Dithmenos.
  2164 | D:3      | Became a worshipper of Dithmenos the Shadowed
  2593 | D:4      | Found Capu's Food Shop.
  2623 | D:4      | Bought a beef jerky for 19 gold pieces
  2623 | D:4      | Bought a beef jerky for 19 gold pieces
  2623 | D:4      | Bought a beef jerky for 19 gold pieces
  2781 | D:4      | Reached XP level 6. HP: 34/36 MP: 6/6
  2857 | D:4      | Found a glowing golden altar of the Shining One.
  2967 | D:4      | Found Bruydeynus' Food Boutique.
  3225 | D:4      | Noticed Robin
  3233 | D:4      | Killed Robin
  3646 | D:4      | Reached skill level 5 in Short Blades
  3646 | D:4      | Reached skill level 9 in Stealth
  3646 | D:4      | Reached XP level 7. HP: 39/41 MP: 7/7
  3823 | D:5      | Entered Level 5 of the Dungeon
  4060 | D:5      | Reached skill level 10 in Stealth
  4060 | D:5      | Reached XP level 8. HP: 35/48 MP: 8/8
  4264 | D:5      | Noticed Natasha
  4275 | D:5      | Killed Natasha
  4417 | D:5      | Found Kidublis' Food Emporium.
  4426 | D:5      | Bought a beef jerky for 19 gold pieces
  4426 | D:5      | Bought a beef jerky for 19 gold pieces
  4426 | D:5      | Bought a beef jerky for 19 gold pieces
  4630 | D:5      | Noticed Natasha
  4640 | D:5      | Killed Natasha
  5233 | D:5      | Noticed Pikel
  5505 | D:4      | Killed Pikel
  5505 | D:4      | Reached skill level 5 in Fighting
  5505 | D:4      | Reached skill level 11 in Stealth
  5505 | D:4      | Reached XP level 9. HP: 29/54 MP: 9/9
  5869 | D:6      | Found a glowing silver altar of Zin.
  5998 | D:6      | Reached skill level 5 in Dodging
  6224 | D:6      | HP: 2/54 [poisoned by a gnoll sergeant]
  6231 | D:6      | HP: 2/54 [poisoned by a gnoll sergeant]
  6670 | D:5      | Slain by a gnoll sergeant

Action                   |  1- 3 |  4- 6 |  7- 9 || total
-------------------------+-------+-------+-------++-------
Melee: Dagger            |   105 |   179 |   313 ||   597
 Fire: Blowgun           |    10 |    10 |    37 ||    57
 Abil: Evoke Berserk Rag |       |       |     2 ||     2
 Stab: Sleeping          |     5 |    12 |    11 ||    28
       Distracted        |     1 |     1 |     1 ||     3
  Eat: Chunk             |     9 |     8 |    10 ||    27
